 Dungeon Crawl Stone Soup version 0.23.2 (webtiles) character file.

Game seed: 9248304778749745313

648 Menchi the Conjurer (level 7, 0/36 HPs)
             Began as a Tengu Wizard on Apr 4, 2019.
             Slain by Sigmund
             ... wielding a +2 scythe of slicing
              (5 damage)
             ... on level 4 of the Dungeon.
             The game lasted 00:34:48 (6254 turns).

Menchi the Conjurer (Tengu Wizard)                  Turns: 6254, Time: 00:34:49

Health: 0/36       AC: 11    Str:  6 (8)  XL:     7   Next: 53%
Magic:  7/15       EV: 12    Int: 17 (19) God:
Gold:   209        SH:  0    Dex:  8 (13) Spells: 12/15 levels left

rFire    . . .     SeeInvis .   q - +0 whip
rCold    . . .     Gourm    .   (no shield)
rNeg     . . .     Faith    .   g - +3 ring mail
rPois    .         Spirit   .   b - +1 hat
rElec    .         Reflect  .   s - +1 cloak
rCorr    .         Harm     .   (no gloves)
MR       .....     Rnd*Rage +   (boots unavailable)
Stlth    ..........             (no amulet)
HPRegen  0.12/turn              (no ring)
MPRegen  0.14/turn              (no ring)

@: confused, flying quickly and evasively, very slightly contaminated, quick
A: beak, talons 3, berserk 1, blink, deterioration 1, able to fly
a: Stop Flying, Blink


You were on level 4 of the Dungeon.
You were not hungry.

You visited 1 branch of the dungeon, and saw 5 of its levels.
You also visited: Sewer.

You collected 209 gold pieces.

Inventory:

Hand Weapons
 q - a +0 whip (weapon)
Missiles
 m - 112 stones (quivered)
Armour
 b - a +1 hat (worn)
 g - a +3 ring mail (worn)
 s - a +1 cloak (worn)
 t - a +2 robe of cold resistance
Scrolls
 c - a scroll of amnesia
 e - a scroll of blinking
 l - a scroll of magic mapping {unknown}
Potions
 a - 2 potions of flight {unknown}
 h - a potion of brilliance
 i - a potion of agility {unknown}
 p - 2 potions of might
 r - 3 potions of magic
Comestibles
 d - 4 rations


   Skills:
 + Level 2.5 Armour
 + Level 5.2 Dodging
 - Level 2.0 Stealth
 + Level 4.9 Spellcasting
 + Level 5.6 Conjurations
 - Level 1.2 Summonings
   Level 0.7 Translocations


You had 12 spell levels left.
You knew the following spells:

 Your Spells              Type           Power        Failure   Level  Hunger
a - Magic Dart            Conj           ###.         5%          1    None
b - Call Imp              Summ           #.......     43%         2    #......

Your spell library contained the following spells:

 Spells                   Type           Power        Failure   Level  Hunger
 Conjure Flame            Conj/Fire      ##......     45%         3    ###....
 Blink                    Tloc           N/A          52%         2    #......
 Mephitic Cloud           Conj/Pois/Air  ##......     58%         3    ###....
 Slow                     Hex            #.......     63%         2    #......


Dungeon Overview and Level Annotations

Branches:
Dungeon (5/15)
 Temple: D:4-7

Altars:

Annotations:
D:4 Sigmund


Innate Abilities, Weirdness & Mutations

You have a beak for a mouth.
You have claws for feet.
You can fly continuously.
You tend to lose your temper in combat.
You can translocate small distances at will.
Your body sometimes deteriorates upon taking damage.


Message History

* * * LOW HITPOINT WARNING * * *
Your body deteriorates!
You feel weakened.
* * * LOW HITPOINT WARNING * * *
You miss something.
Your crimson imp blinks!
Something hits you but does no damage.
You miss something.
You hear some strange, mumbled words.
You are confused.
You bump into the rock wall.
The phantom hits you but does no damage.
Something hits you but does no damage.
Your crimson imp closely misses something.
You bump into the rock wall.
The phantom hits you.
* * * LOW HITPOINT WARNING * * *
Your crimson imp barely misses something.
All of the chunks of flesh in your inventory have rotted away.
You barely miss something. You claw something.
The phantom blinks!
Something hits you.
You die...

#.. #.# #.. # #W#.#
#########.#.
#h...h.....
########.## #.#
.......o).######ยง#
#####...)W#)..5.@.#
........{###.######
#####.#.## ##..
#.##.# ### #.# #.#
#.# #.# #.# ## #.#
#####.#


You could see a phantom and a friendly crimson imp.

Vanquished Creatures
  2 big kobolds (Sewer)
  A scorpion (D:3)
  A crimson imp (D:2)
  An orc priest (D:3)
  Jessica (D:3)
  3 orc wizards
  A worker ant (D:4)
  5 adders
  4 river rats (Sewer)
  An ooze (D:2)
  2 dart slugs (D:1)
  A leopard gecko (D:1)
  8 orcs
  13 ball pythons
  8 bats
  7 giant cockroaches
  7 goblins
  5 hobgoblins
  8 jackals
  5 quokkas
  3 frilled lizards
  13 kobolds
  26 rats
126 creatures vanquished.

Vanquished Creatures (collateral kills)
  An orc priest (D:4)
  An adder (D:3)
  2 orcs (D:4)
  A hobgoblin (D:3)
  2 jackals (D:4)
  6 kobolds (Sewer)
13 creatures vanquished.

Vanquished Creatures (others)
  A big kobold (Sewer)
1 creature vanquished.

Grand Total: 140 creatures vanquished

Notes
Turn   | Place    | Note
-------+----------+-------------------------------------------
     0 | D:1      | Menchi the Tengu Wizard began the quest for the Orb.
     0 | D:1      | Reached XP level 1. HP: 10/10 MP: 5/5
   386 | D:1      | Reached XP level 2. HP: 15/15 MP: 0/7
  1335 | D:1      | Reached XP level 3. HP: 18/19 MP: 4/8
  2195 | D:1      | You fall through a shaft!
  2791 | D:2      | Reached XP level 4. HP: 17/24 MP: 8/10
  2891 | D:2      | Learned a level 2 spell: Call Imp
  3108 | D:3      | Gained mutation: You can fly continuously. [Tengu growth]
  3108 | D:3      | Reached XP level 5. HP: 24/28 MP: 2/11
  3441 | D:3      | Found a glowing drain.
  3495 | Sewer    | Entered a sewer
  3824 | Sewer    | Reached XP level 6. HP: 19/32 MP: 9/13
  4035 | Sewer    | Gained mutation: Your body sometimes deteriorates upon
                  | taking damage. [potion of mutation]
  4035 | Sewer    | Gained mutation: You tend to lose your temper in combat.
                  | [potion of mutation]
  4035 | Sewer    | Gained mutation: You can translocate small distances at
                  | will. [potion of mutation]
  4039 | Sewer    | Reached skill level 1 in Armour
  4614 | Sewer    | Reached skill level 5 in Conjurations
  4733 | Sewer    | Reached XP level 7. HP: 28/36 MP: 9/15
  5138 | D:3      | Noticed Jessica
  5433 | D:3      | Killed Jessica
  5813 | D:3      | Reached skill level 5 in Dodging
  6049 | D:5      | Entered Level 5 of the Dungeon
  6121 | D:4      | Noticed Sigmund
  6254 | D:4      | Slain by Sigmund

Skill      XL: |  1  2  3  4  5  6  7 |
---------------+----------------------+-----
Conjurations   | 2 3 4 5 |  5.6
Dodging        | 3 4 5 |  5.2
Spellcasting   | 4 |  4.9
Armour         | 1 2 |  2.5
Stealth        | |  2.0
Summonings     | |  1.2
Translocations | |  0.7

Action                   |  1- 3 |  4- 6 |  7- 9 || total
-------------------------+-------+-------+-------++-------
Melee: Unarmed           |    29 |       |       ||    29
       Kick              |    19 |    24 |    23 ||    66
       Whip              |   108 |   171 |   129 ||   408
       Peck              |     9 |    17 |    18 ||    44
Throw: Stone             |    27 |     2 |     1 ||    30
 Cast: Magic Dart        |    83 |    77 |     6 ||   166
       Call Imp          |       |     3 |    16 ||    19
 Abil: Fly               |       |     1 |       ||     1
  Use: Scroll            |     7 |       |     8 ||    15
       Potion            |     3 |     3 |     9 ||    15
 Stab: Sleeping          |     6 |     1 |     1 ||     8
  Eat: Chunk             |     5 |     7 |     5 ||    17
Armor: Robe              |    39 |     9 |       ||    48
       Ring mail         |       |    94 |    95 ||   189
Dodge: Dodged            |   101 |   183 |   123 ||   407
